 Dungeon Crawl Stone Soup version 0.29-a0-553-g81b289dbe5 (webtiles) character file.

Game seed: 12984460902501770414

75 HessuHobo the Covered (level 4, 0/29 HPs)
             Began as a Gargoyle Fighter on June 6, 2022.
             Slain by a gnoll
             ... wielding a +0 halberd
              (10 damage)
             ... on level 3 of the Dungeon.
             The game lasted 00:02:16 (3766 turns).

HessuHobo the Covered (Gargoyle Fighter)            Turns: 3766, Time: 00:02:17

Health: 0/29       AC: 10    Str: 22    XL:     4   Next: 31%
Magic:  4/4        EV:  9    Int:  8    God:
Gold:   92         SH:  4    Dex:  9    Spells: 3/3 levels left

rFire   . . .      SeeInvis .   a - +0 flail
rCold   . . .      Faith    .   c - +0 buckler
rNeg    + . .      Spirit   .   b - +0 scale mail
rPois   ∞          Reflect  .   (no helmet)
rElec   +          Harm     .   (no cloak)
rCorr   .          Rampage  .   (no gloves)
Will    .....                   (no boots)
Stlth   ..........              (no amulet)
HPRegen 0.09/turn               (no ring)
MPRegen 0.09/turn               (no ring)

@: no status effects
A: sickness immunity, AC +3, negative energy resistance 1, electricity
resistance, torment resistance 1, petrification resistance
a: no special abilities


You were on level 3 of the Dungeon.
You visited 1 branch of the dungeon, and saw 3 of its levels.

You collected 92 gold pieces.

Inventory:

Hand Weapons
 a - a +0 flail (weapon)
Missiles
 e - a throwing net
 n - 9 poisoned darts (quivered)
Armour
 b - a +0 scale mail (worn)
 c - a +0 buckler (worn)
Wands
 p - a wand of flame (20)
Scrolls
 f - a scroll of fear {unknown}
 i - a scroll of identify {unknown}
 k - a scroll of immolation {unknown}
 o - a scroll of enchant weapon {unknown}
Potions
 d - a potion of might
 g - a potion of resistance {unknown}
 h - 2 potions of attraction {unknown}
 j - 3 potions of curing {unknown}
 l - a potion of lignification {unknown}
 m - a potion of heal wounds {unknown}


   Skills:
 + Level 3.9 Fighting
 + Level 2.7 Maces & Flails
 + Level 4.0 Armour
 + Level 2.1 Stealth
 - Level 3.2 Shields


You had 3 spell levels left.
You didn't know any spells.
Your spell library contained the following spells:

 Spells                   Type           Power      Damage    Failure   Level
 Ensorcelled Hibernation  Hex/Ice        0%         N/A       91%         2
 Spider Form              Tmut/Pois      0%         N/A       99%         3
 Anguish                  Hex/Necr       0%         N/A       100%        4


Dungeon Overview and Level Annotations

Branches:
Dungeon (3/15)

Altars:
Kikubaaqudgha

Shops:
D:2 *

Annotations:
D:2 exclusion: downstairs


Innate Abilities, Weirdness & Mutations

You are immune to sickness and miasma.
Your stone body is resilient. (AC +3)
You are immune to poison.
You resist negative energy. (rN+)
You are resistant to electric shocks. (rElec)
You are resistant to unholy torment.
You are immune to petrification.


Message History

Found a bubbling black potion and a scroll labelled ERPHUO KONIPT.
A quokka is nearby!
A quokka is nearby!
Found 19 gold pieces.
You barely miss the quokka.
The quokka bites you but does no damage.
You closely miss the quokka. The quokka barely misses you.
The quokka bites you but does no damage.
You closely miss the quokka.
The quokka bites you but does no damage.
The quokka closely misses you.
You sock the quokka!
You kill the quokka!
No target in view!
No target in view!
You start waiting.
A gnoll is nearby!
A gnoll is nearby!
A gnoll is nearby!
A gnoll is nearby!
The gnoll shouts!
You hear an angry hiss.
You hear a shout! x2
The gnoll hits you with a +0 halberd.
You barely miss the gnoll. The gnoll hits you with a +0 halberd!
The gnoll barely misses you.
You hit the gnoll.
The gnoll is lightly wounded.
You block the gnoll's attack.
You completely miss the gnoll.
The gnoll is lightly wounded.
The gnoll hits you but does no damage.
You sock the gnoll!
The gnoll is severely wounded.
The gnoll hits you but does no damage. The gnoll closely misses you.
You hit the gnoll.
The gnoll is severely wounded.
The gnoll hits you with a +0 halberd.
You hit the gnoll.
The gnoll is almost dead.
The gnoll hits you with a +0 halberd!
You die...

....... #.###...###
....... #.........
....... ......... .
....... ........ ...
..... #...###.?...
#...# #g......!...
#...####.#.# #.gg#
####@#### #......>#
#.##.##.#
#.##.##.######## .#
#.........##... ...
#.......#.##.###.#
#.#.#.#.#.#......##
..................#
.#.##.##.#.#..#.#..#


You could see 3 gnolls.

Vanquished Creatures
  Jessica (D:2)
  An adder (D:2)
  2 dart slugs (D:1)
  2 bats (D:1)
  4 endoplasms
  4 giant cockroaches (D:1)
  3 goblins
  A hobgoblin (D:1)
  5 quokkas
  6 ball pythons
  3 frilled lizards
  2 kobolds (D:2)
  A rat (D:3)
35 creatures vanquished.

Notes
Turn   | Place    | Note
-------+----------+-------------------------------------------
     0 | D:1      | HessuHobo the Gargoyle Fighter began the quest for the Orb.
     0 | D:1      | Reached XP level 1. HP: 14/14 MP: 1/1
   339 | D:1      | Reached XP level 2. HP: 16/19 MP: 2/2
   713 | D:1      | Reached skill level 1 in Stealth
  1027 | D:1      | You fall into a shaft and drop 1 floor!
  1027 | D:2      | Found an ancient bone altar of Kikubaaqudgha.
  1038 | D:2      | Reached XP level 3. HP: 23/23 MP: 3/3
  2242 | D:2      | Found a faded altar of an unknown god.
  2858 | D:2      | Noticed Jessica
  2871 | D:2      | Killed Jessica
  2872 | D:2      | Reached XP level 4. HP: 21/29 MP: 4/4
  3356 | D:2      | Found Viykaf's Assorted Antiques.
  3668 | D:3      | Reached skill level 4 in Armour
  3766 | D:3      | Slain by a gnoll

Illustrated notes

Levels and vault maps discovered:
D:1:      mrwooster_arrival_statue, layout_basic
D:2:      layout_basic, basic_altar, serial_shops, shop,
          shapermc_ecumenical_altar_hornbeckon, serial_curves, eino_curves_02,
          eino_curves_01, chequers_serial_rivers_large_a, uniq_jessica
D:3:      layout_loops_cross

Skill      XL: |  1  2  3  4 |
---------------+-------------+-----
Stealth        | 1 2 |  2.1
Armour         | 4 |  4.0
Fighting       | |  3.9
Maces & Flails | |  2.7
Shields        | |  3.2

Action                   |  1- 3 |  4- 6 || total
-------------------------+-------+-------++-------
Melee: Flail             |   117 |    28 ||   145
Armor: Scale mail        |    69 |     9 ||    78
Dodge: Dodged            |    64 |    13 ||    77
Block: Buckler           |    22 |     6 ||    28

Table legend: (Time is in decaauts)
 A = Elapsed time spent in this place.
 B = Non-inter-level travel time spent in this place.
 C = Inter-level travel time spent in this place.
 D = Time resting spent in this place.
 E = Time spent auto-exploring this place.
 F = Levels seen in this place.
 G = Mean time per level.
                   A        B        C        D        E       F      G
               +--------+--------+--------+--------+--------+-----+--------+
         Total |   3830 |   3647 |    183 |   1513 |   1777 |   3 | 1276.7 |
       Dungeon |   3830 |   3647 |    183 |   1513 |   1777 |   3 | 1276.7 |
               +--------+--------+--------+--------+--------+-----+--------+

Top non-repeatable levels by time:
     D:1: 1937 daAuts
     D:2: 1706 daAuts
     D:3: 187 daAuts
